 Dungeon Crawl Stone Soup version 0.22-a0-271-gc000056a37 (webtiles) character file.

17776 Emanloe the Basher (level 12, -1/76 HPs)
             Began as a Gargoyle Berserker on Mar 11, 2018.
             Was a High Priest of Trog.
             Slain by a six-headed hydra (9 damage)
             ... on level 13 of the Dungeon.
             The game lasted 00:36:10 (11553 turns).

Emanloe the Basher (Gargoyle Berserker)            Turns: 11553, Time: 00:36:10

Health: -1/76      AC: 22    Str: 23    XL:     12   Next: 51%
Magic:  12/12      EV: 15    Int:  7    God:    Trog [*****.]
Gold:   733        SH:  0    Dex: 13    Spells: 11/11 levels left

rFire    . . .     SeeInvis .   s - +2 dire flail
rCold    . . .     Gourm    .   (shield currently unavailable)
rNeg     + . .     Faith    +   w - +2 troll leather armour
rPois    ∞         Spirit   .   u - +0 helmet
rElec    +         Reflect  .   j - +1 cloak
rCorr    .         Harm     .   k - +0 pair of gloves
MR       .....     Clarity  +   (no boots)
Stlth    ++........             d - amulet of faith
HPRegen  0.62/turn              (no ring)
MPRegen  0.13/turn              (no ring)

@: no status effects
A: hooves 1, clarity, negative energy resistance 1, electricity resistance,
unbreathing, petrification resistance, rot immunity, AC +8
a: Berserk, Trog's Hand, Brothers in Arms, Renounce Religion


You were on level 13 of the Dungeon.
You worshipped Trog.
Trog was extremely pleased with you.
You were not hungry.

You visited 1 branch of the dungeon, and saw 13 of its levels.

You collected 733 gold pieces.

Inventory:

Hand Weapons
 s - a +2 dire flail (weapon)
Armour
 j - a +1 cloak (worn)
 k - a +0 pair of gloves (worn)
 u - a +0 helmet (worn)
 w - a +2 troll leather armour (worn)
 y - a +0 plate armour of cold resistance
Jewellery
 a - an uncursed amulet of regeneration
 d - an amulet of faith (around neck)
Wands
 b - a wand of flame (29)
 l - a wand of acid (3)
 q - a wand of random effects (45)
 r - a wand of polymorph (9)
 x - a wand of paralysis (10)
Scrolls
 e - 2 scrolls of teleportation
 f - 9 scrolls of identify
 i - 4 scrolls of fear
 n - 6 scrolls of remove curse
 p - 3 scrolls of fog
 t - 4 scrolls of blinking
 v - a scroll of magic mapping
Potions
 h - 4 potions of curing
 o - 2 potions of flight
Comestibles
 c - 18 rations


   Skills:
 + Level 9.4 Fighting
 + Level 13.3 Maces & Flails
 + Level 11.8 Armour
 * Level 5.9 Dodging
 + Level 2.5 Stealth
 + Level 0.4 Unarmed Combat
 + Level 0.5 Evocations


You had 11 spell levels left.
You didn't know any spells.

Dungeon Overview and Level Annotations

Branches:
Dungeon (13/15)              Lair (0/6) D:8             Orc (0/2) D:11
 Temple: D:4-7       Vaults: D:13-14

Altars:
Ashenzari
Dithmenos
Gozag
Sif Muna
Yredelemnul

Shops:
D:7 ?


Innate Abilities, Weirdness & Mutations

You are resistant to torment.
Your stone body is resilient. (AC +8)
You are immune to poison.
You resist negative energy. (rN+)
You are resistant to electric shocks. (rElec)
You can survive without breathing.
You are immune to petrification.
You are immune to rotting.
You have large cloven feet.
You possess an exceptional clarity of mind.


Message History

The six-headed hydra closely misses you. x2
The six-headed hydra misses you.
You bludgeon the six-headed hydra!! You kick the six-headed hydra.
The six-headed hydra is heavily wounded.
You barely miss the six-headed hydra. You kick the six-headed hydra.
The six-headed hydra is severely wounded.
The six-headed hydra bites you. The six-headed hydra bites you!
The six-headed hydra bites you.
The six-headed hydra bites you but does no damage.
The six-headed hydra barely misses you. The six-headed hydra misses you.
You hit the six-headed hydra. You kick the six-headed hydra!
The six-headed hydra is severely wounded.
The six-headed hydra bites you!
The six-headed hydra bites you but does no damage.
The six-headed hydra bites you.
* * * LOW HITPOINT WARNING * * *
The six-headed hydra bites you!
* * * LOW HITPOINT WARNING * * *
The six-headed hydra barely misses you. The six-headed hydra bites you!
You die...

#.............#.....##
#........##..#####...#
#........###.# #...#
#........###.# #...#
#...#......... #...#
#...#.........# ....#
##...#........ .
##.............
.........@.......
..........D......
............#####
.............#
...............
####.........##.
#####.###.# # #. ..


You could see a six-headed hydra.

Vanquished Creatures
  A centaur warrior (D:11)
  3 two-headed ogres
  A tengu warrior (D:11)
  5 skeletal warriors (D:11)
  Pikel (D:4)
  The ghost of mora the Insei, a novice GnTm of Makhleb (D:5)
  A manticore (D:13)
  Maurice (D:9)
  4 trolls
  A queen bee (D:11)
  3 hippogriffs
  A shadow (D:12)
  2 vampires
  4 yaks (D:12)
  3 hungry ghosts
  Menkaure (D:6)
  A porcupine (D:8)
  A water moccasin (D:10)
  5 sky beasts
  3 ice beasts
  2 phantoms
  7 orc warriors
  The ghost of mora the Charmwright, an amateur GnSk (D:3)
  2 black bears
  A necrophage (D:8)
  An eye of draining (D:10)
  An ogre (D:7)
  A crocodile (D:8)
  5 centaurs
  A big kobold (D:11)
  4 bullfrogs
  A gnoll sergeant (D:7)
  3 scorpions
  20 killer bees
  A wight (D:7)
  A howler monkey (D:8)
  2 bullfrog zombies
  5 crimson imps
  A centaur zombie (D:9)
  3 hounds
  4 jellies
  A gnoll shaman (D:5)
  3 orc priests
  4 orc wizards
  4 bullfrog skeletons
  6 iguanas
  8 worker ants
  A hound zombie (D:6)
  2 hound skeletons
  2 howler monkey zombies (D:11)
  A worker ant zombie (D:11)
  8 gnolls
  6 adders
  2 shadow imps (D:11)
  An ooze (D:3)
  2 adder zombies
  2 adder skeletons (D:8)
  2 worms
  2 dart slugs (D:1)
  4 leopard geckos
  32 orcs
  A ball python (D:1)
  5 giant cockroaches
  14 goblins
  6 hobgoblins
  11 jackals (D:1)
  5 quokkas
  11 bats
  6 frilled lizards
  7 kobolds
  13 rats
  2 plants (D:8)
284 creatures vanquished.

Vanquished Creatures (collateral kills)
  Nessos (D:12)
  A hydra (D:13)
  A centaur warrior (D:13)
  A manticore (D:13)
  A gnoll sergeant (D:7)
  An orc wizard (D:13)
  3 orcs (D:13)
9 creatures vanquished.

Vanquished Creatures (others)
  A slave (D:4)
  2 fungi (D:8)
  2 plants (D:8)
5 creatures vanquished.

Grand Total: 298 creatures vanquished

Notes
Turn   | Place    | Note
-------+----------+-------------------------------------------
     0 | D:1      | Emanloe the Gargoyle Berserker began the quest for the Orb.
     0 | D:1      | Reached XP level 1. HP: 14/14 MP: 1/1
    47 | D:1      | Reached XP level 2. HP: 16/19 MP: 2/2
   299 | D:1      | Reached XP level 3. HP: 14/24 MP: 3/3
   568 | D:1      | Reached ** piety under Trog
  1126 | D:2      | Reached XP level 4. HP: 29/29 MP: 4/4
  2053 | D:3      | Reached skill level 4 in Maces & Flails
  2060 | D:3      | Reached XP level 5. HP: 21/33 MP: 5/5
  2198 | D:3      | Reached *** piety under Trog
  2294 | D:3      | Noticed mora's ghost (amateur GnSk)
  2310 | D:3      | Killed mora's ghost
  2310 | D:3      | Reached XP level 6. HP: 24/38 MP: 6/6
  2336 | D:3      | Gained mutation: You are partially covered in slimy green scales. (AC +2) [potion of mutation]
  2336 | D:3      | Gained mutation: Your muscles are strong. (Str +2) [potion of mutation]
  2715 | D:4      | Noticed a slave
  2715 | D:4      | Noticed a slave
  2717 | D:4      | Noticed Pikel
  2722 | D:4      | Noticed a slave
  2722 | D:4      | Noticed a slave
  2734 | D:4      | Killed Pikel
  2734 | D:4      | Reached skill level 6 in Maces & Flails
  2734 | D:4      | Reached skill level 5 in Armour
  2734 | D:4      | Reached XP level 7. HP: 44/44 MP: 7/7
  2960 | D:4      | Lost mutation: You are partially covered in slimy green scales. (AC +2) [potion of mutation]
  2960 | D:4      | Lost mutation: Your muscles are strong. (Str +2) [potion of mutation]
  2960 | D:4      | Gained mutation: Your flesh is heat resistant. (rF+) [potion of mutation]
  2960 | D:4      | Gained mutation: You tend to lose your temper in combat. [potion of mutation]
  2960 | D:4      | Gained mutation: You have large cloven feet. [potion of mutation]
  3201 | D:4      | Reached XP level 8. HP: 42/48 MP: 8/8
  3297 | D:5      | Entered Level 5 of the Dungeon
  3336 | D:5      | Found a deep blue altar of Sif Muna.
  3476 | D:5      | Reached skill level 5 in Fighting
  3781 | D:5      | Noticed mora's ghost (novice GnTm)
  3830 | D:5      | Killed mora's ghost
  3830 | D:5      | Reached skill level 7 in Maces & Flails
  3830 | D:5      | Reached skill level 1 in Stealth
  4245 | D:5      | Found a deep blue altar of Sif Muna.
  4245 | D:5      | Found a shattered altar of Ashenzari.
  4253 | D:5      | Found a basalt altar of Yredelemnul.
  4255 | D:5      | Found a shadowy altar of Dithmenos.
  4257 | D:5      | Found a faded altar of an unknown god.
  4410 | D:5      | Reached **** piety under Trog
  4419 | D:5      | Reached XP level 9. HP: 54/54 MP: 9/9
  4683 | D:6      | Noticed Menkaure
  4704 | D:6      | Killed Menkaure
  5837 | D:7      | Reached skill level 8 in Maces & Flails
  6878 | D:7      | Found Mutodgh's Magic Scroll Shop.
  6954 | D:8      | Reached XP level 10. HP: 61/61 MP: 10/10
  7000 | D:8      | Reached skill level 9 in Maces & Flails
  7087 | D:8      | Found a staircase to the Lair.
  7153 | D:8      | Reached ***** piety under Trog
  7229 | D:8      | Reached skill level 10 in Armour
  7348 | D:8      | Found an opulent altar of Gozag.
  7696 | D:9      | Noticed a two-headed ogre
  7705 | D:9      | Killed a two-headed ogre
  7787 | D:9      | Reached skill level 10 in Maces & Flails
  8126 | D:9      | Noticed Maurice
  8615 | D:9      | Killed Maurice
  8661 | D:10     | Entered Level 10 of the Dungeon
  8849 | D:10     | Noticed a two-headed ogre
  8857 | D:10     | Killed a two-headed ogre
  8857 | D:10     | Reached skill level 11 in Maces & Flails
  8857 | D:10     | Reached XP level 11. HP: 67/68 MP: 6/11
  9179 | D:10     | Received a gift from Trog
  9711 | D:11     | Noticed a centaur warrior
  9724 | D:11     | Killed a centaur warrior
  9803 | D:11     | Lost mutation: You have large cloven feet. [potion of mutation]
  9803 | D:11     | Lost mutation: You tend to lose your temper in combat. [potion of mutation]
  9803 | D:11     | Gained mutation: Scrolls take you a little longer to read. [potion of mutation]
  9803 | D:11     | Gained mutation: You can translocate small distances at will. [potion of mutation]
  9804 | D:11     | Lost mutation: Scrolls take you a little longer to read. [potion of mutation]
  9804 | D:11     | Lost mutation: Your flesh is heat resistant. (rF+) [potion of mutation]
  9804 | D:11     | Lost mutation: You can translocate small distances at will. [potion of mutation]
  9804 | D:11     | Gained mutation: You possess an exceptional clarity of mind. [potion of mutation]
  9804 | D:11     | Gained mutation: You have large cloven feet. [potion of mutation]
  9870 | D:11     | Reached skill level 12 in Maces & Flails
  9941 | D:11     | Found a staircase to the Orcish Mines.
  9987 | D:11     | Noticed a tengu warrior
 10028 | D:11     | Killed a tengu warrior
 10182 | D:11     | Noticed a skeletal warrior
 10211 | D:11     | Noticed a skeletal warrior
 10212 | D:11     | Killed a skeletal warrior
 10221 | D:11     | Noticed a skeletal warrior
 10224 | D:11     | Killed a skeletal warrior
 10225 | D:11     | Noticed a skeletal warrior
 10226 | D:11     | Noticed a skeletal warrior
 10229 | D:11     | Killed a skeletal warrior
 10235 | D:11     | Killed a skeletal warrior
 10235 | D:11     | Reached skill level 5 in Dodging
 10235 | D:11     | Reached XP level 12. HP: 25/75 MP: 12/12
 10827 | D:12     | Received a gift from Trog
 11014 | D:12     | Noticed a two-headed ogre
 11023 | D:12     | Killed a two-headed ogre
 11023 | D:12     | Reached skill level 13 in Maces & Flails
 11208 | D:12     | Noticed Nessos
 11225 | D:12     | Killed Nessos
 11397 | D:13     | Noticed a centaur warrior
 11399 | D:13     | Noticed an eight-headed hydra
 11404 | D:13     | Killed a centaur warrior
 11406 | D:13     | Killed an eight-headed hydra
 11545 | D:13     | Noticed a six-headed hydra
 11553 | D:13     | Slain by a six-headed hydra

Vault maps used:
D:1:      ncdulo_halloftheorcs
D:4:      serial_bayou_pond_d, uniq_pikel
D:5:      chequers_temple_overflow_minitemple, minmay_temple_entry_from_below_a,
          first_ration, lemuel_blue_sif_altar
D:6:      uniq_menkaure
D:7:      serial_shops, kennysheep_mini_moat, sword_in_stone
D:8:      grunt_lair_entry_orc_guard_hut, nicolae_gozag_seed_capital
D:9:      uniq_maurice
D:11:     orc_0_dummy, david_nohive_1
D:12:     uniq_nessos
D:13:     grunt_vaults_entry_fortified, hex_intersection

Skill      XL: |  1  2  3  4  5  6  7  8  9 10 11 12 |
---------------+-------------------------------------+-----
Dodging        | 2 3 4 5 |  5.9
Armour         | 3 4 5 7 9 10 11 | 11.8
Fighting       | 4 5 6 7 8 9 |  9.4
Maces & Flails | 4 6 7 8 11 12 13 | 13.3
Stealth        | 1 2 |  2.5
Unarmed Combat | |  0.4
Evocations     | |  0.5

Action                   |  1- 3 |  4- 6 |  7- 9 | 10-12 || total
-------------------------+-------+-------+-------+-------++-------
Melee: Mace              |   142 |   141 |   130 |   141 ||   554
       Flail             |       |    91 |       |       ||    91
       Whip              |       |       |   271 |       ||   271
       Kick              |       |       |   110 |   215 ||   325
       Dire flail        |       |       |       |   521 ||   521
       Unarmed           |       |       |       |     8 ||     8
Invok: Berserk           |     1 |     5 |     4 |     8 ||    18
       Brothers in Arms  |       |       |     1 |     3 ||     4
       Trog's Hand       |       |       |       |     2 ||     2
Evoke: Wand              |       |       |     3 |       ||     3
  Use: Potion            |     1 |     2 |     1 |    11 ||    15
       Scroll            |       |     7 |     4 |     9 ||    20
 Stab: Sleeping          |     1 |       |       |     1 ||     2
  Eat: Chunk             |     2 |     9 |     7 |     8 ||    26
       Ration            |       |       |     5 |     6 ||    11
Armor: Animal skin       |    78 |       |       |       ||    78
       Ring mail         |     5 |   169 |    73 |       ||   247
       Plate armour      |       |       |   134 |   419 ||   553
       Skin              |       |       |       |     2 ||     2
       Troll leather arm |       |       |       |    83 ||    83
Dodge: Dodged            |   138 |   214 |   143 |   403 ||   898

Table legend:
 A = Spawn XP
 B = Non-spawn XP
 C = Spawn XP percentage of total XP
 D = Spawn monster count
 E = Non-spawn monster count
 F = Spawn count percentage of total count
 G = Total turns spent on level
                    A         B        C        D         E        F      G
               +---------+---------+-------+---------+---------+-------+---------
         Total |       0 |   25395 |   0.0 |       0 |     291 |   0.0 | 11553
               +---------+---------+-------+---------+---------+-------+---------
           D:1 |       0 |      56 |   0.0 |       0 |      33 |   0.0 |   904
           D:2 |       0 |      63 |   0.0 |       0 |      29 |   0.0 |  1018
           D:3 |       0 |     322 |   0.0 |       0 |      31 |   0.0 |   770
           D:4 |       0 |     781 |   0.0 |       0 |       5 |   0.0 |   605
           D:5 |       0 |    1169 |   0.0 |       0 |      19 |   0.0 |  1302
           D:6 |       0 |     718 |   0.0 |       0 |       9 |   0.0 |  1213
           D:7 |       0 |    1504 |   0.0 |       0 |      23 |   0.0 |  1134
           D:8 |       0 |    1638 |   0.0 |       0 |      29 |   0.0 |   608
           D:9 |       0 |    2091 |   0.0 |       0 |      12 |   0.0 |  1107
          D:10 |       0 |    2832 |   0.0 |       0 |      24 |   0.0 |   765
          D:11 |       0 |    8272 |   0.0 |       0 |      42 |   0.0 |  1300
          D:12 |       0 |    3559 |   0.0 |       0 |      23 |   0.0 |   662
          D:13 |       0 |    2390 |   0.0 |       0 |      12 |   0.0 |   165
               +---------+---------+-------+---------+---------+-------+---------
